 Dungeon Crawl Stone Soup version 0.27-a0-380-g150de4c316 (webtiles) character file.

Game seed: 12089987015245999636

235416 jasper the Tengu Blade (level 19, -8/124 HPs)
             Began as a Tengu Berserker on Feb 17, 2021.
             Was the Champion of Trog.
             Killed from afar by a deep elf high priest (29 damage)
             ... with damnation
             ... on level 3 of the Elven Halls on Feb 18, 2021.
             The game lasted 01:04:38 (36748 turns).

jasper the Tengu Blade (Tengu Berserker)           Turns: 36748, Time: 01:04:38

Health: -8/124     AC: 38    Str: 23      XL:     19   Next: 63%
Magic:  11/11      EV: 16    Int: 13 (14) God:    Trog [******]
Gold:   582        SH:  0    Dex: 19      Spells: 18/18 levels left

rFire    + . .     SeeInvis +   E - +4 great sword (flame)
rCold    + . .     Faith    .   (shield currently unavailable)
rNeg     . . .     Spirit   .   D - +9 crystal plate armour of Dogmatism {Str+3 Int+3 SInv Stlth-}
rPois    +         Reflect  .   X - +2 hat {Stlth+}
rElec    +         Harm     .   W - scarf {rC+ rF+}
rCorr    .         Rampage  .   U - +2 pair of gloves
Will     ++++.                  (boots unavailable)
Stlth    ..........             f - amulet of regeneration
HPRegen  3.30/turn              v - ring "Gewiwkad" {rElec rPois MP-9 Dex+3}
MPRegen  0.12/turn              T - ring of willpower

@: about to teleport, flying quickly and evasively, regenerating, quick
A: beak, talons 3, deterioration 1, regeneration 1, screaming 1, able to fly
}: 1/15 runes: gossamer
a: Stop Flying, Renounce Religion, Berserk, Trog's Hand, Brothers in Arms


You were on level 3 of the Elven Halls.
You worshipped Trog.
Trog was exalted by your worship.
You visited 7 branches of the dungeon, and saw 32 of its levels.
You visited the Abyss 1 time.
You also visited: Ossuary and Ice Cave.

You collected 3224 gold pieces.
You spent 2642 gold pieces at shops.

Inventory:

Hand Weapons
 b - a +2 antimagic triple sword
 o - the +13 triple sword of the Trees {flame, *Contam rPois rN+ Dex+2}
   (Trog gifted it to you on level 4 of the Spider Nest)

   It has been specially enchanted to burn those struck by it, causing extra
   injury to most foes and up to half again as much damage against particularly
   susceptible opponents.
   Big, fiery blades are also staple armaments of hydra-hunters.
   It affects your dexterity (+2).
   It protects you from poison.
   It protects you from negative energy.
   It causes magical contamination when unequipped.
 y - a +2 great sword of freezing
 E - a +4 great sword of flaming (weapon)
 Q - a +7 antimagic triple sword
Missiles
 q - 15 javelins
 A - 2 throwing nets
 H - 58 boomerangs (quivered)
Armour
 D - the +9 crystal plate armour of Dogmatism (worn) {Str+3 Int+3 SInv Stlth-}
   (You bought it in a shop on level 2 of the Orcish Mines)

   It affects your strength (+3).
   It affects your intelligence (+3).
   It lets you see invisible.
   It makes you less stealthy.
 U - a +2 pair of gloves (worn)
 W - a scarf of resistance (worn)
 X - a +2 hat of stealth (worn)
 Z - a +0 cloak of preservation
Jewellery
 d - a ring of positive energy
 f - an amulet of regeneration (around neck)
 t - a ring of protection from cold
 v - the ring "Gewiwkad" (left hand) {rElec rPois MP-9 Dex+3}
   (You acquired it on level 2 of the Orcish Mines)

   [ring of poison resistance]

   It affects your dexterity (+3).
   It insulates you from electricity.
   It protects you from poison.
   It affects your magic capacity (-9).
 N - a ring of protection from fire
 T - a ring of willpower (right hand)
Wands
 a - a wand of flame (78)
 i - a wand of acid (39)
 u - a wand of paralysis (17)
 G - a wand of digging (12)
 I - a wand of charming (30)
 P - a wand of polymorph (39)
 V - a wand of iceblast (22)
Scrolls
 e - 10 scrolls of enchant weapon
 j - 11 scrolls of teleportation
 n - 7 scrolls of fog
 w - a scroll of summoning
 z - 13 scrolls of immolation
 C - 2 scrolls of identify
 J - a scroll of holy word
 K - a scroll of blinking
 L - 2 scrolls of magic mapping
 S - 2 scrolls of vulnerability
 Y - 2 scrolls of fear
Potions
 c - 8 potions of ambrosia
 g - 5 potions of attraction
 h - 5 potions of haste
 k - 8 potions of mutation
 m - 19 potions of curing
 p - a potion of lignification
 r - 8 potions of might
 s - 3 potions of cancellation
 x - 3 potions of resistance
 B - 11 potions of flight
 M - a potion of invisibility
 O - 3 potions of heal wounds
Miscellaneous
 l - a condenser vane (inert)
 F - a box of beasts
 R - a phial of floods (inert)


   Skills:
 - Level 15.2 Fighting
 + Level 23.5 Long Blades
 - Level 15.2 Armour
 - Level 15.2 Dodging
 - Level 6.0 Evocations


You had 18 spell levels left.
You didn't know any spells.
Your spell library was empty.

Dungeon Overview and Level Annotations

Branches:
Dungeon (15/15)            Temple (1/1) D:6            Lair (6/6) D:8
  Swamp (1/4) Lair:4       Spider (4/4) Lair:2        Slime (0/5) Lair:5
    Orc (2/2) D:10            Elf (3/3) Orc:2        Vaults (0/5) D:13
 Depths (0/5) D:15        Ossuary (visited)           IceCv (visited)

Altars:
Ashenzari
Cheibriados
Dithmenos
Elyvilon
Fedhas
Kikubaaqudgha
Makhleb
Nemelex Xobeh
Qazlal
Ru
Sif Muna
Trog
Uskayaw
Wu Jian
Xom
Yredelemnul
Zin
Beogh

Shops:
Orc:2 [?[(   Elf:1 !

Portals:
Abyss: Lair:1

Annotations:
D:10 exclusion: oklob plant
Lair:4 exclusion: oklob plant
Swamp:1 2 transporters, Vetuwn's ghost, journeyman GnFE
Elf:3 1 exclusion


Innate Abilities, Weirdness & Mutations

You have a beak for a mouth.
You have claws for feet.
You can fly continuously.
Your body sometimes deteriorates upon taking damage.
Your natural rate of healing is unusually fast.
You occasionally shout uncontrollably at your foes.


Message History

You regained 3 hp, and now have 33/124 hp.
Unknown command.
Unknown command.
You hit the deep elf elementalist. You burn the deep elf elementalist.
Trog accepts your kill.
Trog appreciates your killing of a magic user.
The earth elemental disappears in a puff of smoke! x2
The deep elf elementalist explodes!
You hear a sizzling sound! x2
The fiery explosion engulfs the earth elemental.
The earth elemental completely resists.
The fiery explosion engulfs you but does no damage.
You hear a sizzling sound! x3; You hear a shout! x2
The earth elemental hits you but does no damage.
Unknown command.
You regained 2 hp, and now have 35/124 hp.
Unknown command.
Really fly into that cloud of freezing vapour?
Okay, then.
Aiming: Iceblast
Press: ? - help, Shift-Dir - straight line The mass of ice explodes!
The iceblast engulfs the deep elf elementalist!!
Flame seeps out of the deep elf elementalist.
The deep elf elementalist is severely wounded.
The iceblast engulfs the deep elf high priest!!
Flame seeps out of the deep elf high priest.
The deep elf high priest is heavily wounded.
The deep elf high priest invokes the aid of its god against you.
Something smites you!
* * * LOW HITPOINT WARNING * * *
The deep elf elementalist is engulfed in blazing flames.
Trog accepts your kill.
Trog appreciates your killing of a magic user.
The earth elemental disappears in a puff of smoke! x3
The deep elf elementalist explodes!
The deep elf high priest says, "All sinners must die."
The deep elf high priest calls down the wrath of its god upon you.
The sphere of damnation explodes!
The damnation engulfs you!!
You die...

)#.#.#.#.# #..###.........)#* ##
....(...## #.#.##.........#.###.
#.#.#.#.#####.##.#........)##..EE
...............................(.
#####..#######################...
##.#.# ### ##)# ###.##.# ###☼###
###)# ...###.# ##.....## ##..E.
#.## #.# ###○@)§§§.######..)..
.## #.# #..○§☼§§§...##....)). ##
#.# #.☼☼☼§○§e...##....)). # #.#
#....§§°....##....... #.#
#...)..e....##[...... #.#
#......§..e.##...§).. #.#
#.........e.##....e). #)#
#............###.≈).. #.#
###...........,##.≈≈≈


You could see 4 deep elf high priests.

Vanquished Creatures
  Nikola (Spider:4)
  Arachne (Spider:4)
  A kraken (Abyss:3)
  Roxanne (D:15)
  A thorn hunter (Swamp:1)
  Agnes (Elf:1)
  Donald (Spider:4)
  3 deep elf sorcerers
  5 ghost moths
  3 emperor scorpions
  4 deep elf elementalists (Elf:3)
  3 deep elf demonologists
  Nessos (D:15)
  3 deep elf annihilators
  3 entropy weavers
  2 spark wasps (Spider:4)
  Snorg (Orc:1)
  A deep elf death mage (Elf:3)
  3 deep elf high priests (Elf:3)
  Josephine (D:15)
  A yaktaur captain (D:15)
  The ghost of D12ThenQuit the Basher, a journeyman DsDe of Trog (D:11)
  9 hydras
  A catoblepas (Lair:5)
  2 vault guards (D:13)
  An ogre mage (D:14)
  3 centaur warriors (D:15)
  4 boulder beetles
  A merfolk avatar (Lair:6)
  15 dancing weapons
  11 two-headed ogres
  5 orc high priests
  2 tengu warriors (D:15)
  A queen ant (Spider:2)
  10 death yaks
  18 deep elf knights
  Urug (D:13)
  A soul eater (Lair:1)
  The ghost of foci the Cleaver, a novice GrFi of Makhleb (Lair:1)
  A sea snake (Lair:6)
  2 goliath frogs (Swamp:1)
  2 spriggan druids (Swamp:1)
  5 unseen horrors
  A swamp dragon (Swamp:1)
  A bog body (Swamp:1)
  2 wizards (D:13)
  A harpy (Lair:6)
  7 deep elf archers
  5 orc knights
  19 orb spiders
  25 wolf spiders
  29 deep elf pyromancers
  13 ugly things
  2 necromancers
  5 orc sorcerers
  A manticore (shapeshifter) (Elf:1)
  A worldbinder (Lair:1)
  26 deep elf zephyrmancers
  5 manticores
  6 elephants
  A black mamba (Lair:5)
  3 cyclopes
  2 ice statues (IceCv)
  A guardian serpent (shapeshifter) (Lair:1)
  4 moths of wrath
  2 gargoyles
  Joseph (D:7)
  15 cane toads
  A smoke demon (Lair:1)
  2 torpor snails (Lair:2)
  Psyche (D:8)
  3 rime drakes
  A komodo dragon (shapeshifter) (Elf:1)
  5 demonic crawlers
  2 tengu conjurers (D:15)
  13 komodo dragons
  An anaconda simulacrum (Lair:2)
  5 ice devils (IceCv)
  A yaktaur (D:15)
  22 jumping spiders
  3 polar bears (Lair:6)
  8 trolls
  18 hornets
  A raiju (Lair:1)
  15 blink frogs
  10 slime creatures
  4 dream sheep (Lair:2)
  A raiju (shapeshifter) (Elf:1)
  A water elemental (Elf:2)
  Sigmund (D:5)
  2 shadows
  32 tarantellas
  7 wraiths
  4 spriggans
  3 air elementals
  8 wyverns
  A yak (shapeshifter) (Elf:3)
  27 yaks
  63 redbacks
  4 basilisks
  5 fire elementals
  19 humans (D:13)
  5 vampire mosquitoes (D:15)
  2 neqoxecs (Abyss:3)
  5 swamp worms (Swamp:1)
  Menkaure (D:4)
  A small abomination (Abyss:2)
  27 soldier ants (Spider:2)
  6 wargs (Orc:2)
  A large abomination (Abyss:3)
  12 water moccasins
  An acid dragon (D:14)
  A hydra simulacrum (Lair:2)
  3 swamp drakes
  A black bear (shapeshifter) (Elf:1)
  Purgy (D:3)
  4 sky beasts
  61 orc warriors
  An ice beast (D:12)
  A necrophage (D:11)
  21 ogres
  9 centaurs
  18 wolves
  3 phantoms
  28 bullfrogs
  3 earth elementals
  4 scorpions
  A dream sheep simulacrum (Lair:2)
  7 wights
  15 killer bees
  5 electric eels
  A howler monkey (D:13)
  8 jellies
  A human zombie (Ossuary)
  3 centaur zombies
  A bullfrog zombie (D:6)
  6 bullfrog skeletons
  Crazy Yiuf (D:7)
  36 orc priests
  6 hounds
  5 centaur skeletons
  40 orc wizards
  Ijyb (D:4)
  Natasha (twice) (D:4)
  Terence (D:3)
  11 iguanas
  26 worker ants
  A polar bear simulacrum (Lair:2)
  3 hound zombies
  2 hound skeletons
  6 mummies (Ossuary)
  12 gnolls
  A howler monkey zombie (D:7)
  2 worker ant zombies
  8 adders
  2 howler monkey skeletons
  18 white imps
  11 ufetubi
  9 oozes
  An adder zombie (D:6)
  2 adder skeletons
  4 worms
  A dart slug (D:2)
  8 leopard geckos
  124 orcs
  8 bats
  7 giant cockroaches
  9 goblins
  6 hobgoblins
  8 jackals
  7 kobolds
  7 quokkas
  8 frilled lizards
  3 gnoll zombies (Ossuary)
  A kobold zombie (Ossuary)
  2 leopard gecko skeletons
  2 orc zombies (Ossuary)
  A quokka skeleton (D:4)
  A rat (D:3)
  2 rat zombies (D:4)
  A tentacle (Abyss:3)
1295 creatures vanquished.

Vanquished Creatures (collateral kills)
  Saint Roka (Orc:2)
  2 orc warlords
  A reaper (IceCv)
  2 slime creatures (D:15)
  A goliath frog (Swamp:1)
  An orb spider (Spider:2)
  A cane toad (Lair:1)
  2 komodo dragons (Lair:2)
  A troll (Orc:2)
  2 blink frogs (Lair:2)
  A tyrant leech (Swamp:1)
  A basilisk (Lair:4)
  A warg (Orc:2)
  2 water moccasins
  4 orc warriors (Orc:1)
  3 wolves (Lair:1)
  2 bullfrogs
  A killer bee (D:13)
  A wight (D:11)
  A jelly (D:11)
  A worker ant (D:11)
  An orc (Orc:2)
33 creatures vanquished.

Vanquished Creatures (others)
  A deep elf blademaster (Elf:2)
  A deep elf knight (Elf:1)
  An orc warrior (Orc:1)
  An orc priest (Orc:2)
  An orc wizard (Orc:1)
  4 white imps (IceCv)
  5 ufetubi (IceCv)
  An orc (D:10)
  30 fungi
  57 plants
  4 tentacles (Abyss:3)
106 creatures vanquished.

Grand Total: 1434 creatures vanquished

Notes
Turn   | Place    | Note
-------+----------+-------------------------------------------
     0 | D:1      | jasper the Tengu Berserker began the quest for the Orb.
     0 | D:1      | Reached XP level 1. HP: 14/14 MP: 2/2
   320 | D:1      | Reached XP level 2. HP: 19/19 MP: 3/3
   982 | D:1      | Reached XP level 3. HP: 19/23 MP: 4/4
  1370 | D:2      | Reached skill level 4 in Long Blades
  1628 | D:2      | Reached XP level 4. HP: 28/28 MP: 5/5
  2082 | D:2      | Reached ** piety under Trog
  2669 | D:3      | Gained mutation: You can fly continuously. [Tengu growth]
  2669 | D:3      | Reached XP level 5. HP: 32/32 MP: 6/6
  2757 | D:3      | Noticed a centaur
  2769 | D:3      | Killed a centaur
  2770 | D:3      | Reached skill level 5 in Long Blades
  3010 | D:3      | Reached XP level 6. HP: 38/38 MP: 7/7
  3041 | D:3      | Noticed Purgy
  3048 | D:3      | Killed Purgy
  3404 | D:3      | Noticed Terence
  3410 | D:3      | Killed Terence
  3961 | D:4      | Noticed Natasha
  3970 | D:4      | Reached XP level 7. HP: 44/44 MP: 8/8
  3979 | D:4      | Killed Natasha
  3980 | D:4      | Reached skill level 6 in Long Blades
  4270 | D:4      | Noticed Menkaure
  4277 | D:4      | Killed Menkaure
  4277 | D:4      | Reached *** piety under Trog
  4488 | D:4      | Noticed Ijyb
  4496 | D:4      | Killed Ijyb
  4544 | D:4      | Found a sand-covered staircase.
  4552 | Ossuary  | Entered an ossuary
  4639 | Ossuary  | Reached XP level 8. HP: 48/48 MP: 9/9
  4852 | Ossuary  | Reached skill level 7 in Long Blades
  4936 | Ossuary  | Reached skill level 5 in Fighting
  5109 | D:4      | Reached skill level 5 in Armour
  5314 | D:4      | Found an ornate altar of the Wu Jian Council.
  5529 | D:4      | Found a sparkling altar of Nemelex Xobeh.
  5652 | D:4      | Reached skill level 5 in Dodging
  5667 | D:4      | Found a shimmering altar of Xom.
  5836 | D:4      | Noticed Natasha
  5846 | D:4      | Killed Natasha
  6037 | D:5      | Entered Level 5 of the Dungeon
  6168 | D:5      | Noticed Sigmund
  6179 | D:5      | Killed Sigmund
  6640 | D:5      | Reached skill level 8 in Long Blades
  7204 | D:6      | Found a white marble altar of Elyvilon.
  7241 | D:6      | Found a staircase to the Ecumenical Temple.
  7276 | D:6      | Reached XP level 9. HP: 55/55 MP: 10/10
  7306 | Temple   | Entered the Ecumenical Temple
  7397 | D:6      | Found a blossoming altar of Fedhas.
  7609 | D:7      | Found a glowing silver altar of Zin.
  7609 | D:7      | Found a shadowy altar of Dithmenos.
  7612 | D:7      | Found a stormy altar of Qazlal.
  7719 | D:7      | Reached **** piety under Trog
  7852 | D:7      | Found a runed translucent door.
  7853 | D:7      | Noticed Crazy Yiuf
  7860 | D:7      | Killed Crazy Yiuf
  7954 | D:7      | Found a sacrificial altar of Ru.
  8063 | D:7      | Reached skill level 9 in Long Blades
  8497 | D:7      | Noticed Joseph
  8508 | D:7      | Killed Joseph
  8816 | D:8      | Reached skill level 10 in Long Blades
  8994 | D:8      | Reached XP level 10. HP: 61/61 MP: 11/11
  9059 | D:8      | Found a staircase to the Lair.
  9073 | D:8      | Reached ***** piety under Trog
  9083 | D:8      | Found a snail-covered altar of Cheibriados.
  9097 | D:8      | Noticed Psyche
  9108 | D:8      | Killed Psyche
  9254 | D:8      | Found a basalt altar of Yredelemnul.
  9296 | D:8      | Found a hide-covered altar of Uskayaw.
  9331 | D:8      | Found an ancient bone altar of Kikubaaqudgha.
  9620 | D:9      | Noticed a two-headed ogre
  9638 | D:9      | Killed a two-headed ogre
  9639 | D:9      | Reached skill level 11 in Long Blades
 10063 | D:9      | You fall into a shaft and drop 3 floors!
 10092 | D:11     | Reached XP level 11. HP: 68/68 MP: 12/12
 10098 | D:11     | Received a gift from Trog
 10135 | D:10     | Entered Level 10 of the Dungeon
 10364 | D:9      | Found a white marble altar of Elyvilon.
 10468 | D:9      | Killed an unseen horror
 10808 | D:10     | Noticed a two-headed ogre
 10813 | D:10     | Killed a two-headed ogre
 10814 | D:10     | Reached skill level 12 in Long Blades
 11290 | D:10     | Reached skill level 1 in Evocations
 11321 | D:10     | Found a staircase to the Orcish Mines.
 11604 | D:10     | Found a blossoming altar of Fedhas.
 11606 | D:10     | Noticed an oklob plant
 11725 | D:11     | Noticed a necromancer
 11739 | D:11     | Killed a necromancer
 11917 | D:11     | Reached skill level 13 in Long Blades
 12079 | D:11     | Noticed a manticore
 12081 | D:11     | Noticed D12ThenQuit's ghost (journeyman DsDe)
 12083 | D:11     | Found a runed translucent gate.
 12083 | D:11     | Found a runed translucent gate.
 12083 | D:11     | Noticed a boulder beetle
 12084 | D:11     | Found a runed translucent gate.
 12480 | Lair:1   | Entered Level 1 of the Lair of Beasts
 12721 | Lair:1   | Reached XP level 12. HP: 76/76 MP: 13/13
 13158 | Lair:1   | Found a transporter.
 13208 | Lair:1   | Found a transporter.
 13221 | Lair:1   | Identified the +0 trident of Wonderful Judgement {distort,
                  | +Fly MP-9 Dex+4 SInv}
 13225 | Lair:1   | Found a one-way gate to the infinite horrors of the Abyss.
 13225 | Lair:1   | Noticed foci's ghost (novice GrFi)
 13249 | Lair:1   | Noticed a soul eater
 13476 | Lair:2   | Found a transporter.
 13480 | Lair:2   | Found a hole to the Spider Nest.
 13530 | Lair:2   | Received a gift from Trog
 13689 | Lair:2   | Reached skill level 14 in Long Blades
 13947 | Lair:2   | Reached skill level 5 in Evocations
 14053 | Lair:2   | Found a transporter.
 14121 | Lair:2   | Reached skill level 10 in Fighting
 14552 | Lair:3   | Noticed a seven-headed hydra
 14565 | Lair:3   | Killed a seven-headed hydra
 14651 | Lair:3   | Noticed an eight-headed hydra
 14663 | Lair:3   | HP: 1/117 [eight-headed hydra (7)]
 14664 | Lair:3   | Killed an eight-headed hydra
 14776 | Lair:3   | Reached XP level 13. HP: 82/83 MP: 14/14
 14792 | Lair:3   | Reached skill level 15 in Long Blades
 15489 | Lair:4   | Found a frozen archway.
 15517 | IceCv    | Entered an ice cave
 15963 | IceCv    | Noticed a reaper
 15969 | IceCv    | HP: 4/84 [reaper/+2 scythe of freezing (1)]
 15978 | IceCv    | Killed a reaper
 16316 | Lair:4   | Found a staircase to the Swamp.
 16326 | Lair:4   | Reached skill level 10 in Armour
 16595 | Lair:4   | Reached skill level 10 in Dodging
 17385 | Lair:6   | Entered Level 6 of the Lair of Beasts
 17533 | Lair:5   | Found a staircase to the Slime Pits.
 17778 | Orc:1    | Entered Level 1 of the Orcish Mines
 17789 | Orc:1    | Received a gift from Trog
 17863 | Orc:1    | Noticed Snorg
 17878 | Orc:1    | Killed Snorg
 17989 | Orc:1    | Found a roughly hewn altar of Beogh.
 18093 | Orc:1    | Noticed an orc warlord
 18111 | Orc:1    | Killed an orc warlord
 18112 | Orc:1    | Reached XP level 14. HP: 62/91 MP: 15/15
 18233 | Orc:1    | Reached skill level 16 in Long Blades
 18408 | Orc:1    | Gained mutation: You are frail. (-10% HP) [a neqoxec]
 18409 | Orc:1    | Gained mutation: You are dopey. (Int -2) [a neqoxec]
 18457 | Orc:1    | Found a roughly hewn altar of Beogh.
 18803 | Orc:2    | Entered Level 2 of the Orcish Mines
 19158 | Orc:2    | Reached ****** piety under Trog
 19184 | Orc:2    | Noticed Saint Roka
 19200 | Orc:2    | Received a gift from Trog
 19211 | Orc:2    | Killed Saint Roka
 19595 | Orc:2    | Found a roughly hewn altar of Beogh.
 19595 | Orc:2    | Noticed an orc warlord
 19622 | Orc:2    | Killed an orc warlord
 19756 | Orc:2    | Found Tiuxuasu's Magic Scroll Boutique.
 19805 | Orc:2    | Bought a scroll of acquirement for 520 gold pieces
 19805 | Orc:2    | Bought a scroll of blinking for 75 gold pieces
 19805 | Orc:2    | Bought a scroll of summoning for 95 gold pieces
 19805 | Orc:2    | Acquired the ring "Gewiwkad" {rElec rPois MP-9 Dex+3}
 19893 | Orc:2    | Found Reolitwu's Armour Shop.
 20180 | Orc:2    | Received a gift from Trog
 20295 | Orc:2    | Found a staircase to the Elven Halls.
 20396 | Orc:2    | Found a roughly hewn altar of Beogh.
 20544 | Orc:2    | Found Konuczuaqac's Antique Weapon Boutique.
 20608 | Orc:2    | Found Pehubeom's Armour Shop.
 20627 | Orc:2    | Reached skill level 17 in Long Blades
 21627 | Lair:5   | Reached XP level 15. HP: 66/87 MP: 7/16
 22366 | Lair:6   | Received a gift from Trog
 22447 | Lair:6   | Found a shadowy altar of Dithmenos.
 23349 | D:12     | Found a burning altar of Makhleb.
 24445 | D:13     | Reached skill level 18 in Long Blades
 24522 | D:13     | Noticed Urug
 24530 | D:13     | Killed Urug
 24766 | D:13     | Noticed Sonja
 24769 | D:13     | Noticed Sonja
 24769 | D:13     | Sonja changed into Sonja the orc
 24771 | D:13     | Killed Sonja the orc
 24928 | D:13     | Received a gift from Trog
 25163 | D:13     | Found a gate to the Vaults.
 25608 | D:14     | Reached XP level 16. HP: 61/93 MP: 8/17
 25698 | D:14     | Found a broken altar of Ashenzari.
 26393 | D:15     | Entered Level 15 of the Dungeon
 26465 | D:15     | Identified Roxanne's Disquisition on Clay
 26465 | D:15     | Noticed Roxanne
 26573 | D:15     | Noticed Josephine
 26586 | D:15     | Killed Josephine
 26751 | D:15     | Received a gift from Trog
 26961 | D:15     | Noticed Nessos
 26967 | D:15     | Killed Nessos
 26987 | D:15     | Found a shadowy altar of Dithmenos.
 27058 | D:15     | Reached skill level 19 in Long Blades
 27244 | D:15     | Found a staircase to the Depths.
 27398 | D:15     | Killed Roxanne
 27635 | Orc:2    | Bought the +9 crystal plate armour of Dogmatism {Str+3
                  | Int+3 SInv Stlth-} for 1697 gold pieces
 27829 | Spider:1 | Entered Level 1 of the Spider Nest
 28199 | Spider:1 | Received a gift from Trog
 28633 | Spider:1 | Reached XP level 17. HP: 90/99 MP: 9/18
 28646 | Spider:1 | Reached skill level 20 in Long Blades
 29087 | Spider:2 | Received a gift from Trog
 30343 | Spider:4 | Entered Level 4 of the Spider Nest
 30448 | Spider:4 | Noticed Arachne
 30482 | Spider:4 | Killed Arachne
 30811 | Spider:4 | Noticed Nikola
 30823 | Spider:4 | Killed Nikola
 31034 | Spider:4 | Received a gift from Trog
 31037 | Spider:4 | Identified the +13 triple sword of the Trees {flame,
                  | *Contam rPois rN+ Dex+2} (Trog gifted it to you on level 4
                  | of the Spider Nest)
 31153 | Spider:4 | Reached skill level 15 in Fighting
 31647 | Spider:4 | Noticed Donald
 31659 | Spider:4 | Killed Donald
 31672 | Spider:4 | Reached skill level 15 in Armour
 31672 | Spider:4 | Reached XP level 18. HP: 95/104 MP: 10/19
 31709 | Spider:4 | Reached skill level 15 in Dodging
 32260 | Spider:4 | Got a gossamer rune of Zot
 32489 | Swamp:1  | Entered Level 1 of the Swamp
 32583 | Swamp:1  | HP: 5/107 [goliath frog (18)]
 32583 | Swamp:1  | HP: 1/107 [acid (4)]
 32666 | Swamp:1  | Identified the +6 broad axe of Gin and Tonic {antimagic,
                  | Dex+5 SInv}
 32719 | Swamp:1  | Identified the +7 rapier "Decwo" {vorpal, rF+ Will+ Str+3
                  | Dex+4}
 32723 | Swamp:1  | Found a transporter.
 32732 | Swamp:1  | Found a bloodstained altar of Trog.
 32732 | Swamp:1  | Noticed Vetuwn's ghost (journeyman GnFE)
 32739 | Swamp:1  | Found a transporter.
 33222 | Lair:1   | Killed foci's ghost
 33222 | Lair:1   | Received a gift from Trog
 33234 | Lair:1   | Cast into level 2 of the Abyss (spriggan rider)
 33379 | Abyss:3  | Gained mutation: You are occasionally teleported next to
                  | monsters. [a neqoxec]
 33386 | Abyss:3  | Gained mutation: Your body sometimes deteriorates upon
                  | taking damage. [a neqoxec]
 33397 | Lair:1   | Escaped the Abyss
 33703 | D:11     | Killed D12ThenQuit's ghost
 33728 | D:11     | Lost mutation: You are dopey. (Int -2) [potion of mutation]
 33728 | D:11     | Lost mutation: You are frail. (-10% HP) [potion of
                  | mutation]
 33728 | D:11     | Lost mutation: You are occasionally teleported next to
                  | monsters. [potion of mutation]
 33728 | D:11     | Lost mutation: Your body sometimes deteriorates upon taking
                  | damage. [potion of mutation]
 33728 | D:11     | Gained mutation: You occasionally shout uncontrollably at
                  | your foes. [potion of mutation]
 33728 | D:11     | Gained mutation: Your body sometimes deteriorates upon
                  | taking damage. [potion of mutation]
 33728 | D:11     | Gained mutation: Your natural rate of healing is unusually
                  | fast. [potion of mutation]
 33892 | Elf:1    | Entered Level 1 of the Elven Halls
 33935 | Elf:1    | Found Hemmuin's Distillery.
 33985 | Elf:1    | Bought a potion of haste for 150 gold pieces
 33985 | Elf:1    | Bought a potion of might for 60 gold pieces
 33985 | Elf:1    | Bought a potion of curing for 45 gold pieces
 34033 | Elf:1    | Reached skill level 21 in Long Blades
 34171 | Elf:1    | Noticed Agnes
 34182 | Elf:1    | Killed Agnes
 34404 | Elf:1    | Received a gift from Trog
 35057 | Elf:2    | Reached skill level 22 in Long Blades
 35129 | Elf:2    | Reached XP level 19. HP: 124/124 MP: 11/20
 35471 | Elf:2    | Noticed a Hell Sentinel
 35677 | Elf:2    | Found a huge runed translucent gate.
 35677 | Elf:2    | Found a huge runed translucent gate.
 35682 | Elf:2    | Found a huge runed translucent gate.
 35682 | Elf:2    | Found a huge runed translucent gate.
 35682 | Elf:2    | Found a huge runed translucent gate.
 35929 | Elf:3    | Entered Level 3 of the Elven Halls
 36521 | Elf:3    | Identified the +6 scimitar "Imigy" {freeze, *Drain rElec
                  | Will+++ SInv}
 36541 | Elf:3    | Reached skill level 23 in Long Blades
 36577 | Elf:3    | Received a gift from Trog
 36748 | Elf:3    | Killed from afar by a deep elf high priest

Illustrated notes

Levels and vault maps discovered:
D:1:      dpeg_arrival_solitude, layout_loops_corners
D:2:      layout_basic
D:3:      layout_loops_ring, uniq_purgy, uniq_terence
D:4:      layout_basic, lemuel_coloured_pillars_altar,
          nzn_wu_jian_contemplation, xom_teletrap_fun, enter_ossuary_4,
          uniq_ijyb, uniq_natasha, uniq_menkaure
D:5:      layout_basic, minmay_lizard_king, uniq_sigmund
D:6:      layout_basic, overflow_temple_1_default, minmay_temple_entry_ruins,
          basic_altar, chequers_decorated_corner
D:7:      minmay_chambers_of_fours, layout_loops_ring, marbit_many_paths,
          grunt_temple_overflow_open, uniq_crazy_yiuf_cottage, uniq_joseph
D:8:      layout_loops_ring, nicolae_overflow_quartered_altars,
          lair_entry_dummy, uniq_psyche
D:9:      layout_stronghold, kennysheep_little_box,
          hangedman_little_slice_of_home
D:10:     layout_roguey, erik_orc_1, hangedman_tree_tricks
D:11:     layout_rooms, gammafunk_ghost_split, minmay_librarian
D:12:     layout_layer_cave, basic_altar
D:13:     layout_loops_ring, grunt_vaults_entry_tiered, uniq_sonja, uniq_urug
D:14:     layout_long_grid, roderic_nine_men_s_morris,
          nicolae_ashenzari_panopticon
D:15:     grunt_enter_depths_snipers, layout_irregular_city,
          grunt_dithmenos_shadows, uniq_josephine, uniq_nessos, uniq_roxanne
Temple:   compressed_dpeg_triangle_lava_temple
Lair:1:   layout_loops_ring, gammafunk_ghost_abyssal_escape,
          serial_bayou_shore_b
Lair:2:   gammafunk_cloud_chamber, layout_regular_city, spider_nest_entry_a,
          pond, serial_bayou_shore_b
Lair:3:   layout_concentric_octagons, minivault_26, grunt_megastairs_2,
          serial_bayou_shore_b
Lair:4:   layout_cave_pods, minmay_swamp_entry_reptiles,
          portal_ice_cave_entry_imps, minmay_lair_oklob_items,
          lemuel_fruit_tree, grunt_megastairs_3
Lair:5:   layout_cave_pods, nicolae_slime_entry_slimehenge,
          minmay_shattered_shrine
Lair:6:   gammafunk_lair_ancient_temple, layout_small_grid,
          amcnicky_altar_gilded, infiniplex_staircase_pool_2,
          serial_bayou_shore_a
Swamp:1:  layout_basic_swamp, gammafunk_ghost_wrathful_warriors,
          evilmike_swamp_ruin_house_1
Spider:1: layout_spider_delve
Spider:2: layout_spider_delve, minivault_29
Spider:3: layout_spider_delve
Spider:4: spider_rune_water, uniq_nikola, uniq_arachne, uniq_donald
Orc:1:    orc_temple, layout_caves, basic_altar, abandoned_shop,
          nicolae_orc_damp_corner, uniq_snorg
Orc:2:    pubby_orc_utopia, uniq_saint_roka
Elf:1:    elf_arrival_001, layout_loops_cross, serial_shops, shop,
          evilmike_minifort, uniq_agnes
Elf:2:    layout_gridlike, elves_outpost_lemuel
Elf:3:    minmay_elf_hall_hex, layout_rooms, hex_large

Skill      XL: |  1  2  3  4  5  6  7  8  9 10 11 12 13 14 15 16 17 18 19 |
---------------+----------------------------------------------------------+-----
Long Blades    | 4 5 6 8 10 11 13 14 15 17 18 19 20 22 23 | 23.5
Armour         | 3 4 5 7 8 9 10 11 12 13 15 | 15.2
Dodging        | 3 4 5 7 8 10 11 12 13 14 15 | 15.2
Fighting       | 4 5 6 8 9 10 11 12 13 15 | 15.2
Evocations     | 3 6 |  6.0

Action                   |  1- 3 |  4- 6 |  7- 9 | 10-12 | 13-15 | 16-18 | 19-21 || total
-------------------------+-------+-------+-------+-------+-------+-------+-------++-------
Melee: Falchion          |    50 |    91 |   254 |       |       |       |       ||   395
       Kick              |    15 |    35 |   131 |   225 |   464 |   526 |    65 ||  1461
       Peck              |     8 |    15 |    71 |   149 |   273 |   313 |    54 ||   883
       Scimitar          |       |       |    90 |   522 |   321 |       |       ||   933
       Short sword       |       |       |       |    20 |    11 |       |       ||    31
       Triple sword      |       |       |       |     3 |       |       |       ||     3
       Great sword       |       |       |       |       |   818 |  1156 |   194 ||  2168
Throw: Stone             |    31 |    22 |    15 |       |       |       |       ||    68
       Boomerang         |       |       |     8 |    11 |    59 |    78 |     3 ||   159
Invok: Berserk           |     3 |    10 |     9 |    11 |    13 |     5 |     1 ||    52
       Trog's Hand       |       |       |     3 |     5 |     8 |     8 |     3 ||    27
       Brothers in Arms  |       |       |       |     4 |     5 |     3 |       ||    12
 Abil: Fly               |       |       |       |       |       |     2 |       ||     2
       Stop Flying       |       |       |       |       |       |     1 |       ||     1
Evoke: Wand              |       |       |    14 |     7 |    31 |    24 |     6 ||    82
       Box of beasts     |       |       |       |     1 |     4 |     4 |       ||     9
       Condenser vane    |       |       |       |     1 |     5 |     7 |     2 ||    15
       Phial of floods   |       |       |       |       |       |       |     1 ||     1
  Use: Scroll            |       |       |    14 |    10 |    10 |    12 |     5 ||    51
       Potion            |       |       |       |       |     4 |     2 |       ||     6
 Stab: Confused          |       |       |       |     1 |     2 |     1 |     3 ||     7
       Distracted        |       |       |       |     1 |       |       |     1 ||     2
       Paralysed         |       |       |       |       |       |    10 |       ||    10
Armor: Animal skin       |     7 |       |       |       |       |       |       ||     7
       Leather armour    |     8 |     5 |       |       |       |       |       ||    13
       Ring mail         |       |    11 |       |       |       |       |       ||    11
       Scale mail        |       |     5 |    41 |       |       |       |       ||    46
       Chain mail        |       |       |     5 |       |   304 |   130 |       ||   439
       Plate armour      |       |       |    69 |   251 |   146 |       |       ||   466
       Crystal plate arm |       |       |       |       |       |   826 |   182 ||  1008
Dodge: Dodged            |    38 |    53 |   124 |   331 |   739 |   698 |   126 ||  2109
Block: Other             |       |    14 |    31 |       |       |       |       ||    45
       Rpst.: Falchion   |    15 |    18 |    31 |       |       |       |       ||    64
       Scimitar          |       |       |     8 |    85 |    59 |       |       ||   152
       Triple sword      |       |       |       |     1 |       |       |       ||     1
       Great sword       |       |       |       |       |   149 |   150 |    31 ||   330

Table legend: (Time is in decaauts)
 A = Elapsed time spent in this place.
 B = Non-inter-level travel time spent in this place.
 C = Inter-level travel time spent in this place.
 D = Time resting spent in this place.
 E = Time spent auto-exploring this place.
 F = Levels seen in this place.
 G = Mean time per level.
                   A        B        C        D        E       F      G
               +--------+--------+--------+--------+--------+-----+--------+
         Total |  36657 |  33961 |   2696 |   4579 |  22212 |  36 | 1018.2 |
       Dungeon |  17173 |  15934 |   1239 |   2042 |  11279 |  15 | 1144.9 |
        Temple |     21 |     21 |      0 |     10 |      0 |   1 |   21.0 |
          Lair |   7202 |   6398 |    804 |    552 |   4428 |   6 | 1200.3 |
         Swamp |    685 |    624 |     61 |     37 |    467 |   1 |  685.0 |
   Spider Nest |   4390 |   4164 |    226 |    532 |   2684 |   4 | 1097.5 |
  Orcish Mines |   3300 |   3083 |    217 |    332 |   1820 |   2 | 1650.0 |
   Elven Halls |   2655 |   2508 |    147 |    796 |    980 |   3 |  885.0 |
         Abyss |    176 |    176 |      0 |     31 |     57 |   2 |   88.0 |
       Ossuary |    426 |    426 |      0 |     30 |    307 |   1 |  426.0 |
      Ice Cave |    624 |    624 |      0 |    215 |    188 |   1 |  624.0 |
               +--------+--------+--------+--------+--------+-----+--------+

Top non-repeatable levels by time:
   Orc:2: 2204 daAuts
Spider:4: 1973 daAuts
     D:4: 1850 daAuts
  Lair:5: 1491 daAuts
     D:2: 1417 daAuts
     D:9: 1405 daAuts
     D:3: 1316 daAuts
    D:10: 1291 daAuts
   Elf:1: 1243 daAuts
    D:12: 1232 daAuts
     D:1: 1231 daAuts
  Lair:1: 1204 daAuts
  Lair:2: 1164 daAuts
  Lair:3: 1136 daAuts
     D:7: 1107 daAuts
